 Dungeon Crawl Stone Soup version 0.30-a0-760-g5a9884bb7c (webtiles) character file.

Game seed: 1012896858203303661

42 Lobster4 the Digger (level 3, -4/19 HPs)
             Began as a Deep Elf Earth Elementalist on Feb 11, 2023.
             Slain by a goblin
             ... wielding a +0 club
             ... led by Robin
              (6 damage)
             ... on level 2 of the Dungeon.
             The game lasted 00:02:16 (1019 turns).

Lobster4 the Digger (Deep Elf Earth Elementalist)   Turns: 1019, Time: 00:02:17

Health: -4/19      AC:  2    Str:  3 (5)  XL:     3   Next: 33%
Magic:  2/10       EV: 13    Int: 18 (21) God:
Gold:   56         SH:  0    Dex: 14 (15) Spells: 8/9 levels left

rFire   . . .      SeeInvis .    g - +0 quarterstaff
rCold   . . .      Faith    .    (shield currently unavailable)
rNeg    . . .      Spirit   .    a - +0 robe
rPois   .          Reflect  .    (no helmet)
rElec   .          Harm     .    (no cloak)
rCorr   .          Rampage  .    (no gloves)
Will    .....                    (no boots)
Stlth   ++                       (no amulet)
HPRegen 0.23/turn                (no ring)
MPRegen 0.12/turn                (no ring)

@: no status effects
A: no striking features
a: no special abilities


You were on level 2 of the Dungeon.
You visited 1 branch of the dungeon, and saw 2 of its levels.

You collected 56 gold pieces.

Inventory:

Hand Weapons
 d - a +0 short sword
 g - a +0 quarterstaff (weapon)
Armour
 a - a +0 robe (worn)
Scrolls
 c - 2 scrolls of immolation {unknown}
 e - a scroll of brand weapon {unknown}
 f - a scroll of enchant weapon {unknown}
 h - a scroll of silence {unknown}
 j - a scroll of fog {unknown}
 k - a scroll of identify {unknown}
 l - a scroll of noise {unknown}
Potions
 b - a potion of magic
 m - a potion of curing {unknown}


   Skills:
 + Level 0.9 Armour
 + Level 2.9 Dodging
 + Level 3.0 Stealth
 + Level 3.5 Spellcasting
 + Level 0.7 Conjurations
 - Level 1.1 Transmutations
 + Level 3.5 Earth Magic


You had 8 spell levels left.
You knew the following spells:

 Your Spells              Type           Power      Damage    Failure   Level
a - Sandblast             Erth           32%        2d9       3%          1

Your spell library contained the following spells:

 Spells                   Type           Power      Damage    Failure   Level
 Passwall                 Tmut/Erth      9%         N/A       9%          2
 Stone Arrow              Conj/Erth      20%        3d8       19%         3
 Petrify                  Tmut/Erth      11%        N/A       52%         4


Dungeon Overview and Level Annotations

Branches:
Dungeon (2/15)

Altars:

Annotations:
D:2 Terence


Message History

The goblin closely misses you.
You have reached level 3!
Your experience leads to an increase in your attributes!
Increase (S)trength, (I)ntelligence, or (D)exterity?
You feel clever. x2
Casting: Sandblast (safe; 3% risk of failure)
Confirm with . or Enter, or press ? or * to list all spells.
Aiming: Sandblast (safe; 3% risk of failure)
Press: ? - help, Shift-Dir - straight line, f/p - Robin
Aim: Robin, wielding a +0 short sword, wearing a +0 animal skin, wearing a +2 helmet and carrying a wand of light (8) (almost dead, 87% to hit)
The blast of sand misses the goblin.
The blast of sand hits Robin!
You kill Robin!
The goblin closely misses you. The goblin completely misses you.
A goblin comes into view. It is wielding a +0 club.
You closely miss the goblin. The goblin misses you.
Casting: Sandblast (safe; 3% risk of failure)
Confirm with . or Enter, or press ? or * to list all spells.
Aiming: Sandblast (safe; 3% risk of failure)
Press: ? - help, Shift-Dir - straight line, f - goblin
Aim: a goblin, wielding a +0 club (strong, 77% to hit)
The blast of sand hits the goblin!
You kill the goblin!
The goblin hits you with a +0 club.
Terence the Incautious comes into view.
He is wielding a +0 mace.
A goblin comes into view. It is wielding a +0 dagger.
The goblin hits you with a +0 club.
* * * LOW HITPOINT WARNING * * *
The goblin barely misses you. The goblin attacks as you move away!
The goblin hits you with a +0 club.
* * * LOW HITPOINT WARNING * * *
The goblin closely misses you.
The goblin unwields a +0 club.
The goblin wields a +0 sling.
The goblin shoots a sling bullet.
The sling bullet barely misses you.
Things that are here:
a +0 club; a +0 sling It was a potion of degeneration.
There was something very wrong with that liquid.
You feel weakened.
You feel dopey.
You feel clumsy. The goblin hits you with a +0 club.
You die...

.#.......#..##.#.########
.........................
.##.######..#....########
.##.### #..#.#######
......# #...........
..#.#.####.##.#######
...........#........#
...........#....###.#
................@.gg#
...#######.#.#.##g#@g†.#
...# ...#>#..#.# #....
...# ... #.#..#.# .#.
#### ### #.#..#.# .......
#..#.# ####### ## #.# ..#


You could see Terence, a hobgoblin (strong) and 3 goblins.

Vanquished Creatures
  Robin (D:2)
  7 goblins
  5 hobgoblins
  2 jackals (D:1)
  2 quokkas (D:1)
  4 ball pythons (D:1)
  A frilled lizard (D:1)
  2 kobolds (D:1)
  2 rats (D:1)
26 creatures vanquished.

Notes
Turn   | Place    | Note
-------+----------+-------------------------------------------
     0 | D:1      | Lobster4 the Deep Elf Earth Elementalist began the quest
                  | for the Orb.
     0 | D:1      | Reached XP level 1. HP: 10/10 MP: 6/6
   204 | D:1      | Reached XP level 2. HP: 15/15 MP: 4/8
  1010 | D:2      | Noticed Robin
  1015 | D:2      | Reached XP level 3. HP: 8/19 MP: 3/9
  1015 | D:2      | Killed Robin
  1017 | D:2      | Noticed Terence
  1019 | D:2      | Slain by a goblin

Illustrated notes

Levels and vault maps discovered:
D:1:      saegor_arrival_simple_b, layout_basic
D:2:      layout_basic, uniq_sigmund, uniq_terence, uniq_robin

Skill      XL: |  1  2 |
---------------+-------+-----
Stealth        | 3 |  3.0
Armour         | |  0.9
Dodging        | |  2.9
Spellcasting   | |  3.5
Conjurations   | |  0.7
Transmutations | |  1.1
Earth Magic    | |  3.5

Action                     || total
---------------------------++-------
  Melee: Quarterstaff      ||     1
   Cast: Sandblast         ||    37
    Use: Potion            ||     1
 Armour: Robe              ||     1
  Dodge: Dodged            ||    18

Table legend: (Time is in decaauts)
 A = Elapsed time spent in this place.
 B = Non-inter-level travel time spent in this place.
 C = Inter-level travel time spent in this place.
 D = Time resting spent in this place.
 E = Time spent auto-exploring this place.
 F = Levels seen in this place.
 G = Mean time per level.
                   A        B        C        D        E       F      G
               +--------+--------+--------+--------+--------+-----+--------+
         Total |   1036 |   1004 |     32 |      0 |    844 |   2 |  518.0 |
       Dungeon |   1036 |   1004 |     32 |      0 |    844 |   2 |  518.0 |
               +--------+--------+--------+--------+--------+-----+--------+

Top non-repeatable levels by time:
     D:1: 959 daAuts
     D:2: 77 daAuts
